 Dungeon Crawl Stone Soup version 0.19-a0-1886-gd64a0f0 (webtiles) character file.

2906 Psiweapon the Carver (level 9, 0/61 HPs)
             Began as a Vampire Gladiator on Oct 16, 2016.
             Was a Follower of Okawaru.
             Slain by a killer bee (4 damage)
             ... on level 8 of the Dungeon.
             The game lasted 00:27:20 (11103 turns).

Psiweapon the Carver (Vampire Gladiator)           Turns: 11103, Time: 00:27:21

Health: 0/61       AC:  5    Str: 14    XL:     9   Next: 49%
Magic:  9/9        EV: 18    Int: 10    God:    Okawaru [*.....]
Gold:   210        SH:  0    Dex: 18    Spells: 0 memorised, 8 levels left

rFire  + . .     SeeInvis +     a - +2 falchion (slice)
rCold  . . .     Gourm    .     b - +0 leather armour
rNeg   . . .     Faith    .     (no shield)
rPois  .         Spirit   .     c - +0 helmet
rElec  .         Dismiss  .     L - +0 cloak
rCorr  .         Reflect  .     (no gloves)
MR     .....     Harm     .     (no boots)
Stlth  +.........               (no amulet)
                                x - +1 ring of slaying
                                C - ring of protection from fire

@: lethally poisoned (0 -> -6), regenerating quickly
A: fangs 3, see invisible, unbreathing
a: Heroism, Renounce Religion


You were on level 8 of the Dungeon.
You worshipped Okawaru.
Okawaru was aware of your devotion.
You were very full.

You visited 2 branches of the dungeon, and saw 9 of its levels.

You collected 490 gold pieces.
You spent 280 gold pieces at shops.

Inventory:

Hand Weapons
 a - a +2 falchion of slicing (weapon)
 q - a +0 long sword
 u - a +0 hunting sling
 w - a +0 hand crossbow
 I - the +0 dagger of Xist {venom, *Noise rF+ rC+ rN+}
   (You found it on level 5 of the Dungeon)

   It poisons the flesh of those it strikes.
   It protects you from fire.
   It protects you from cold.
   It protects you from negative energy.
   It may make noises in combat.
Missiles
 d - 4 throwing nets
 n - 129 sling bullets
 r - 6 javelins (quivered)
 K - 5 javelins of returning
Armour
 b - a +0 leather armour (worn)
 c - a +0 helmet (worn)
 A - +0 gold dragon scales
 L - a +0 cloak (worn)
Magical Staves
 y - an uncursed staff of wizardry {unknown}
Jewellery
 x - a +1 ring of slaying (right hand)
 C - a ring of protection from fire (left hand)
Wands
 F - a wand of flame (32/48)
 J - a wand of random effects (34/48)
Scrolls
 f - 8 scrolls of remove curse
 h - a scroll of immolation {unknown}
 i - 5 scrolls of identify
 k - 2 scrolls of blinking {unknown}
 m - 2 scrolls of magic mapping {unknown}
 o - 2 scrolls of teleportation
 v - 3 scrolls of amnesia {unknown}
 D - 3 scrolls of enchant weapon
Potions
 g - 2 potions of might {unknown}
 j - a potion of curing
 l - 3 potions of heal wounds {unknown}
 p - 3 potions of resistance {unknown}
 s - a potion of degeneration {unknown}
 t - 2 potions of magic {unknown}
 z - a potion of flight {unknown}
 B - 2 potions of mutation {unknown}
 E - a potion of invisibility {unknown}
 G - 2 potions of brilliance
 H - a potion of agility {unknown}


   Skills:
 - Level 1.7 Fighting
 * Level 11.1 Long Blades
 - Level 1.5 Throwing
 + Level 9.0 Dodging


You had 8 spell levels left.
You didn't know any spells.

Dungeon Overview and Level Annotations

Branches:
Dungeon (8/15)             Temple (1/1) D:5
   Lair: D:8-11

Altars:
Ashenzari
Cheibriados
Dithmenos
Kikubaaqudgha
Makhleb
Nemelex Xobeh
Okawaru
Qazlal
Ru
Sif Muna
Trog
Uskayaw
Vehumet
Yredelemnul
The Shining One

Shops:
D:5 (   D:7 ?


Innate Abilities, Weirdness & Mutations

Your natural rate of healing is unusually fast.
You have razor-sharp teeth.
You have supernaturally acute eyesight. (SInv)
You can survive without breathing.


Message History

You hit the killer bee. Your bite misses the killer bee.
The killer bee is moderately wounded.
The killer bee misses you.
You hit the killer bee. Your bite misses the killer bee.
The killer bee is heavily wounded.
The killer bee stings you but does no damage.
You miss the killer bee.
The killer bee is heavily wounded.
The killer bee stings you.
* * * LOW HITPOINT WARNING * * *
You are lethally poisoned!
The killer bee poisons you!
You hit the killer bee.
The killer bee is severely wounded.
* * * LOW HITPOINT WARNING * * *
You feel sick. The killer bee misses you.
You riposte.
You barely miss the killer bee.
The killer bee is severely wounded.
The killer bee stings you.
You die...

....)........a....
..................
..###.............
### #......#######
#......#####
#......))).#
#......##..##
#...........##
#..#......#y@#
#.......%.(..#
#...#....#........#
#................##
#....#..#.......##
#.............#
..##........#
......[..#
..#.......#


You could see a killer bee.

Vanquished Creatures
  Grinder (D:4)
  Prince Ribbit (D:5)
  A hungry ghost (D:7)
  An orc warrior (D:8)
  A sky beast (D:3)
  An ice beast (D:5)
  A phantom (D:7)
  4 ogres
  2 centaurs (D:7)
  4 bullfrogs
  A scorpion (D:8)
  7 killer bees
  A howler monkey (D:4)
  A crimson imp (D:5)
  A centaur zombie (D:6)
  A jelly (D:5)
  3 orc priests
  2 orc wizards (D:7)
  An iguana (D:5)
  Jessica (D:3)
  A centaur skeleton (D:4)
  7 worker ants
  Natasha (thrice) (D:4)
  7 gnolls
  12 adders
  A shadow imp (D:6)
  2 oozes
  An adder zombie (D:3)
  4 worms
  A dart slug (D:2)
  6 leopard geckos
  19 orcs
  3 bats
  A giant cockroach (D:3)
  4 goblins
  10 hobgoblins
  8 jackals
  5 kobolds
  5 quokkas
  A ball python (D:2)
  3 frilled lizards
  A leopard gecko skeleton (D:4)
  A leopard gecko zombie (D:5)
  5 rats
147 creatures vanquished.

Notes
Turn   | Place    | Note
-------+----------+-------------------------------------------
     0 | D:1      | Psiweapon the Vampire Gladiator began the quest for the Orb.
     0 | D:1      | Reached XP level 1. HP: 16/16 MP: 1/1
   847 | D:1      | Reached XP level 2. HP: 22/22 MP: 2/2
  1401 | D:2      | Reached skill level 4 in Long Blades
  1401 | D:2      | Reached XP level 3. HP: 11/27 MP: 3/3
  2448 | D:3      | Reached XP level 4. HP: 33/33 MP: 4/4
  2692 | D:3      | Found a burning altar of Makhleb.
  2750 | D:4      | Noticed Grinder
  3684 | D:2      | Found a deep blue altar of Sif Muna.
  3942 | D:3      | Noticed a sky beast
  3945 | D:3      | Reached skill level 5 in Long Blades
  3954 | D:3      | Killed a sky beast
  3954 | D:3      | Reached XP level 5. HP: 7/38 MP: 5/5
  4724 | D:4      | Paralysed by Grinder for 5 turns
  4742 | D:4      | Killed Grinder
  4742 | D:4      | Reached skill level 6 in Long Blades
  4742 | D:4      | Reached skill level 5 in Dodging
  4742 | D:4      | Reached XP level 6. HP: 38/44 MP: 6/6
  6062 | D:3      | Noticed Jessica
  6069 | D:3      | Killed Jessica
  6069 | D:3      | Reached XP level 7. HP: 49/49 MP: 7/7
  6195 | D:4      | Noticed Natasha
  6199 | D:4      | Killed Natasha
  6205 | D:5      | Entered Level 5 of the Dungeon
  6205 | D:5      | Noticed Prince Ribbit
  6258 | D:4      | Reached skill level 7 in Long Blades
  7396 | D:4      | Noticed Natasha
  7405 | D:4      | Killed Natasha
  7415 | D:4      | Noticed Natasha
  7689 | D:4      | Killed Natasha
  7725 | D:4      | Reached skill level 8 in Long Blades
  7725 | D:4      | Reached XP level 8. HP: 55/55 MP: 8/8
  7788 | D:4      | Found a snail-covered altar of Cheibriados.
  7788 | D:4      | Found a glowing golden altar of the Shining One.
  7793 | D:4      | Found a sacrificial altar of Ru.
  7798 | D:4      | Found a hide-covered altar of Uskayaw.
  7799 | D:4      | Found a stormy altar of Qazlal.
  7862 | D:5      | Killed Prince Ribbit
  8124 | D:7      | Reached skill level 9 in Long Blades
  8304 | D:5      | Found a bloodstained altar of Trog.
  8313 | D:5      | Got a twisted dagger
  8315 | D:5      | Identified the cursed +0 dagger of Xist {venom, *Noise rF+ rC+ rN+} (You found it on level 5 of the Dungeon)
  8480 | D:5      | Found Kamn's Weapon Boutique.
  8485 | D:5      | Found a sparkling altar of Nemelex Xobeh.
  8536 | D:5      | Found a staircase to the Ecumenical Temple.
  8545 | Temple   | Entered the Ecumenical Temple
  8558 | Temple   | Became a worshipper of Warmaster Okawaru
  8817 | D:6      | Found a shadowy altar of Dithmenos.
  9457 | D:7      | Reached skill level 10 in Long Blades
  9457 | D:7      | Reached XP level 9. HP: 57/61 MP: 9/9
 10350 | D:7      | Found Ygos's Magic Scroll Emporium.
 10362 | D:7      | Bought a scroll of teleportation for 42 gold pieces
 10362 | D:7      | Bought a scroll of enchant weapon for 105 gold pieces
 10362 | D:7      | Bought a scroll of enchant weapon for 105 gold pieces
 10362 | D:7      | Bought a scroll of identify for 28 gold pieces
 10643 | D:8      | Noticed a queen bee
 10652 | D:7      | Reached * piety under Okawaru
 10952 | D:8      | Noticed a troll
 11027 | D:8      | Reached skill level 11 in Long Blades
 11103 | D:8      | Slain by a killer bee

Vault maps used:
D:1:      erik_arrival_cave_to_civilisation
D:2:      lemuel_blue_sif_altar, minmay_shallow_snake_nest
D:3:      overflow_temple_1_default, kennysheep_minor_cross,
          kennysheep_jessica_study
D:4:      chequers_temple_overflow_minitemple, uniq_grinder, uniq_natasha
D:5:      overflow_temple_1_default, bloody_trog, serial_shops, shop,
          first_bread, kennysheep_generic_room_15, uniq_prince_ribbit1
D:6:      nicolae_dithmenos_shadow_blocks
D:7:      serial_shops, shop, grunt_ministairs_14
D:8:      minmay_misc_feat_more_columns, david_nohive_1, minmay_door_square
Temple:   zaba_magenta_temple

Skill      XL: |  1  2  3  4  5  6  7  8  9 |
---------------+----------------------------+-----
Long Blades    | 4 5 6 8 10 11 | 11.1
Dodging        | 4 5 6 8 9 |  9.0
Fighting       | |  1.7
Throwing       | |  1.5

Action                   |  1- 3 |  4- 6 |  7- 9 || total
-------------------------+-------+-------+-------++-------
Melee: Long sword        |    73 |    11 |       ||    84
       Bite              |     9 |    18 |    33 ||    60
       Falchion          |     2 |   110 |   280 ||   392
       Dagger            |       |       |     6 ||     6
 Fire: Hunting sling     |       |     8 |       ||     8
Throw: Javelin           |       |       |     6 ||     6
Invok: Heroism           |       |       |     2 ||     2
 Abil: End Transformatio |     1 |     1 |     1 ||     3
       Bat Form          |     1 |     1 |     1 ||     3
  Use: Potion            |     1 |     4 |    12 ||    17
       Scroll            |       |       |     2 ||     2
 Stab: Sleeping          |     2 |     5 |    17 ||    24
  Eat: Corpse            |       |     2 |     8 ||    10
Armor: Leather armour    |    13 |    20 |    38 ||    71
Dodge: Dodged            |    55 |    81 |   254 ||   390
       Rpst.: Long sword |    16 |     1 |       ||    17
       Falchion          |       |    32 |    87 ||   119
